AoeStats
← raysukef5

Arabia

507371897Analyzed
1v1 RM · 29d ago on Sep 17, 2026· 52m 25s· 2 players
Game mode
Random Map
Map size
Tiny (2 player)
Population
200
Speed
Normal
Resources
Standard
Victory
Conquest
Starting age
Dark Age
Ending age
Imperial Age
RankedLock teamsTeams togetherTeam positionsShared explorationLock speedFull tech treeHidden civsTurbo modeCheats
Victory
Defeat
🇮🇪 Ethiopians · Ireland
805
+15
vs
🇻🇪 Sicilians · Venezuela
784
-15
raysukef5
5:45 Loom
10:06 Feudal Age
10:29 Horse Collar
10:40 Double-Bit Axe
31:33 Castle Age
30:15 Scale Mail Armor
30:19 Gold Mining
30:41 Fletching
31:05 Forging
33:19 Heavy Plow
33:19 Elite Skirmisher
35:11 Gold Shaft Mining
40:06 Stone Mining
44:55 Wheelbarrow
45:01 Chain Mail Armor
48:01 Iron Casting
47:21 Town Watch
StevieOhNo
5:37 Loom
10:05 Feudal Age
19:32 Castle Age
19:48 Double-Bit Axe
20:41 Crossbowman
25:02 Forging
30:43 Horse Collar
45:44 Thumb Ring
50:04 Murder Holes
Connection lost

Rejoining the realm…

Still unreachable

The connection could not be restored.

Session expired

The server has moved on; the page needs a fresh start.